 Dungeon Crawl Stone Soup version 0.26-a0-491-g70697cc071 (webtiles) character file.

Game seed: 2709735111169535811

7 ANON1729 the Sneak (level 2, -2/28 HPs)
             Began as a Naga Delver on Aug 5, 2020.
             Was an Initiate of Wu Jian.
             Slain by an adder (5 damage)
             ... on level 5 of the Dungeon.
             The game lasted 00:02:45 (475 turns).

ANON1729 the Sneak (Naga Delver)                     Turns: 475, Time: 00:02:46

Health: -2/28      AC:  2    Str: 14    XL:     2   Next: 0%
Magic:  2/2        EV:  9    Int: 10    God:    Wu Jian [......]
Gold:   0          SH:  0    Dex: 12    Spells: 1/1 levels left

rFire    . . .     SeeInvis +   a - +0 falchion
rCold    . . .     Faith    .   (no shield)
rNeg     . . .     Spirit   .   b - +0 leather armour
rPois    +         Reflect  .   (no helmet)
rElec    .         Harm     .   (no cloak)
rCorr    .                      (no gloves)
MR       .....                  (no barding)
Stlth    +++.......             (no amulet)
HPRegen  0.09/turn              (no ring)
MPRegen  0.08/turn              (no ring)

@: short of breath, very slow
A: large, see invisible, deformed body, poison resistance, slowness 2, spit
poison 1, AC +0
a: Spit Poison, Renounce Religion


You were on level 5 of the Dungeon.
You worshipped Wu Jian.
Wu Jian was noncommittal.
You visited 2 branches of the dungeon, and saw 2 of its levels.

Inventory:

Hand Weapons
 a - a +0 falchion (weapon)
Armour
 b - a +0 leather armour (worn)
Wands
 g - a wand of digging (3)
Scrolls
 c - a scroll of fog
 d - a scroll of magic mapping
 e - a scroll of fear
 j - a scroll of remove curse {unknown}
Potions
 f - a potion of haste
 h - a potion of might {unknown}
 i - a potion of ambrosia {unknown}


   Skills:
 + Level 3.1 Fighting
 + Level 2.1 Long Blades
 + Level 1.7 Dodging
 + Level 7.4 Stealth


You had one spell level left.
You didn't know any spells.
Your spell library was empty.

Dungeon Overview and Level Annotations

Branches:
Dungeon (5/15)             Temple (1/1) D:5

Altars:
Ashenzari
Cheibriados
Elyvilon
Fedhas
Gozag
Hepliaklqana
Kikubaaqudgha
Okawaru
Qazlal
Ru
Sif Muna
Trog
Vehumet
Wu Jian
Xom
Yredelemnul
Zin
The Shining One


Innate Abilities, Weirdness & Mutations

You cannot wear boots.
Your serpentine skin is tough. (AC +0)
You have supernaturally acute eyesight. (SInv)
Armour fits poorly on your strangely shaped body.
Your system is resistant to poisons. (rPois)
You cover ground very slowly.
You can spit poison.


Message History

Press: ? - help, Shift-Dir - straight line, f/p - adder
Aim: an adder (almost dead)
The splash of poison misses the adder.
The adder bites you but does no damage.
You barely miss the adder.
The adder is almost dead.
The adder barely misses you.
You riposte.
You barely miss the adder.
The adder is almost dead.
The adder bites you but does no damage.
You miss the adder.
The adder is almost dead.
You have got your breath back.
The adder barely misses you.
Press: ? - help, Shift-Dir - straight line, f/p - adder
Aim: an adder (almost dead)
The splash of poison misses the adder.
The adder bites you.
* * * LOW HITPOINT WARNING * * *
You closely miss the adder.
The adder is almost dead.
The adder bites you.
You die...

#. #.# #.....# #. #.#
##.8.## #. #.##
##.....## #
#.#####..###.......#
#.#...................
#......≈..............
###..≈≈≈≈≈†≈..........
#####≈#≈#≈≈#.......#
#≈@≈≈≈≈≈≈≈##.....##
#S###########>..##
#≈≈≈≈≈S# ##'##
####≈#≈# #.# # #.#
#####>## #......###
###....... ####....##


You could see an adder.

Vanquished Creatures
  2 worms (D:5)
2 creatures vanquished.

Notes
Turn   | Place    | Note
-------+----------+-------------------------------------------
     0 | D:5      | ANON1729 the Naga Delver began the quest for the Orb.
     0 | D:5      | Reached XP level 1. HP: 21/21 MP: 1/1
    49 | D:5      | Found a staircase to the Ecumenical Temple.
    58 | Temple   | Entered the Ecumenical Temple
   283 | Temple   | Became a worshipper of the Wu Jian Council
   445 | D:5      | Reached XP level 2. HP: 20/28 MP: 2/2
   475 | D:5      | Slain by an adder

Illustrated notes

Levels and vault maps discovered:
D:5:      layout_loops_corners, minmay_temple_entry_statues_pillars,
          lightli_sewer_entry_pipes, glass_columns_a
Temple:   dpeg_five_rooms_temple

Action                   || total
-------------------------++-------
Melee: Falchion          ||    15
 Abil: Spit Poison       ||     7
Armor: Leather armour    ||     3
Dodge: Dodged            ||     9
       Rpst.: Falchion   ||     4

Table legend: (Time is in decaauts)
 A = Elapsed time spent in this place.
 B = Non-inter-level travel time spent in this place.
 C = Inter-level travel time spent in this place.
 D = Time resting spent in this place.
 E = Time spent auto-exploring this place.
 F = Levels seen in this place.
 G = Mean time per level.
                   A        B        C        D        E       F      G
               +--------+--------+--------+--------+--------+-----+--------+
         Total |    628 |    522 |    106 |     83 |    337 |   2 |  314.0 |
       Dungeon |    266 |    254 |     12 |     83 |     80 |   1 |  266.0 |
        Temple |    361 |    267 |     94 |      0 |    257 |   1 |  361.0 |
               +--------+--------+--------+--------+--------+-----+--------+

Top non-repeatable levels by time:
  Temple: 361 daAuts
     D:5: 266 daAuts
